 Dungeon Crawl Stone Soup version 0.29.1-1-gd02db6906a (webtiles) character file.

Game seed: 11803013739011545377

16441 LustLizard the Carver (level 12, -3/97 HPs)
             Began as a Demonspawn Fighter on Oct 6, 2022.
             Was the Champion of Okawaru.
             Slain by a boulder beetle (9 damage)
             ... on level 12 of the Dungeon.
             The game lasted 00:24:05 (12614 turns).

LustLizard the Carver (Demonspawn Fighter)         Turns: 12614, Time: 00:24:05

Health: -3/97      AC: 20    Str: 17    XL:     12   Next: 10%
Magic:  13/13      EV:  8    Int: 10    God:    Okawaru [******]
Gold:   579        SH: 18    Dex: 17    Spells: 11/11 levels left

rFire   . . .      SeeInvis +   a - +0 long sword (protect)
rCold   + + .      Faith    .   n - +2 kite shield of Anoutus {rPois}
rNeg    + + .      Spirit   .   s - +2 scale mail of Oblivion {Drain rPois rC++}
rPois   +          Reflect  +   (helmet unavailable)
rElec   .          Harm     .   (no cloak)
rCorr   .          Rampage  .   O - +0 pair of gloves
Will    +....                   (no boots)
Stlth   ..........              t - amulet of reflection
HPRegen 0.26/turn               r - ring of positive energy
MPRegen 0.13/turn               E - ring of positive energy

@: under a protective aura, slowed, very slow
A: antennae 3, icy blue scales 2, ignite blood 2, spiny 2, demonic willpower
a: Renounce Religion, Heroism, Finesse, Duel


You were on level 12 of the Dungeon.
You worshipped Okawaru.
Okawaru was exalted by your worship.
You visited 2 branches of the dungeon, and saw 13 of its levels.

You collected 579 gold pieces.

Inventory:

Hand Weapons
 a - a +0 long sword of protection (weapon)
 M - the +3 short sword "Tafi" {freeze, rElec rPois Dex-2}
   (You found it on level 7 of the Dungeon)

   It freezes those it strikes, dealing additional cold damage.
   It can also slow down cold-blooded creatures.
   Dex:       It affects your dexterity (-2).
   rElec:     It insulates you from electricity.
   rPois:     It protects you from poison.
 X - the +5 whip of Iharchac {vamp, rElec rF- rN+ Dex+3}
   (You found it on level 11 of the Dungeon)

   It occasionally heals its wielder for a portion of the damage dealt when it
   wounds a living foe.
   Dex:       It affects your dexterity (+3).
   rF:        It makes you vulnerable to fire.
   rElec:     It insulates you from electricity.
   rN:        It protects you from negative energy.
Missiles
 f - 161 stones
 j - 4 boomerangs
 z - 56 poisoned darts
 F - a boomerang of dispersal
 L - 11 atropa-tipped darts (quivered)
 R - 2 javelins
 W - 2 silver javelins
Armour
 b - a +0 scale mail
 c - a +0 buckler
 k - a +0 chain mail
 n - the +2 kite shield of Anoutus (worn) {rPois}
   (You found it on level 2 of the Dungeon)

   rPois:     It protects you from poison.
 s - the +2 scale mail of Oblivion (worn) {Drain rPois rC++}
   (You found it on level 3 of the Dungeon)

   rC:        It greatly protects you from cold.
   rPois:     It protects you from poison.
   Drain:     It drains your maximum health when unequipped.
 O - a +0 pair of gloves (worn)
Jewellery
 r - a ring of positive energy (left hand)
 t - an amulet of reflection (around neck)
 E - a ring of positive energy (right hand)
Wands
 I - a wand of polymorph (2)
 Q - a wand of roots (5)
 U - a wand of flame (11)
Scrolls
 l - 4 scrolls of poison {unknown}
 o - 2 scrolls of magic mapping
 p - a scroll of enchant weapon {unknown}
 u - a scroll of enchant armour {unknown}
 v - 3 scrolls of noise {unknown}
 x - a scroll of blinking {unknown}
 y - a scroll of immolation {unknown}
 A - 2 scrolls of vulnerability {unknown}
 B - 2 scrolls of fog {unknown}
 C - 3 scrolls of teleportation
 S - a scroll of amnesia {unknown}
 T - a scroll of acquirement {unknown}
Potions
 d - 2 potions of might
 e - a potion of berserk rage
 g - a potion of ambrosia
 i - 3 potions of lignification
 m - 4 potions of mutation
 q - 3 potions of heal wounds
 w - 4 potions of degeneration
 D - a potion of attraction {unknown}
 G - 2 potions of curing
 H - 3 potions of brilliance
 J - 3 potions of invisibility
 K - a potion of flight {unknown}
 N - a potion of resistance {unknown}
 P - 2 potions of haste {unknown}


   Skills:
 + Level 10.3 Fighting
 * Level 12.4 Long Blades
 - Level 4.0 Throwing
 + Level 3.2 Armour
 + Level 1.4 Dodging
 + Level 9.1 Shields
 + Level 2.3 Invocations
 + Level 1.8 Evocations


You had 11 spell levels left.
You didn't know any spells.
Your spell library contained the following spells:

 Spells                   Type           Power      Damage    Failure   Level
 Slow                     Hex            0%         N/A       96%         1
 Ensorcelled Hibernation  Hex/Ice        0%         N/A       99%         2
 Passwall                 Tmut/Erth      0%         N/A       99%         2
 Sublimation of Blood     Necr           0%         N/A       99%         2
 Wereblood                Tmut           0%         N/A       99%         2
 Confusing Touch          Hex            0%         N/A       100%        3
 Conjure Flame            Conj/Fire      0%         6-21      100%        3
 Ignite Poison            Fire/Tmut/Pois 0%         N/A       100%        3
 Swiftness                Air            0%         N/A       100%        3
 Vampiric Draining        Necr           0%         2d6       100%        3
 Olgreb's Toxic Radiance  Pois           0%         N/A       100%        4
 Sticky Flame             Conj/Fire      0%         2d3       100%        4
 Ozocubu's Refrigeration  Ice            0%         4d7       100%        7
 Ignition                 Fire           0%         3d3       100%        8
 Summon Hydra             Summ           Unusable   N/A       N/A         7

Dungeon Overview and Level Annotations

Branches:
Dungeon (12/15)            Temple (1/1) D:4            Lair (0/5) D:8
    Orc (0/2) D:11

Altars:
Ashenzari
Cheibriados
Dithmenos
Gozag
Hepliaklqana
Kikubaaqudgha
Nemelex Xobeh
Okawaru
Qazlal
Ru
Sif Muna
Trog
Uskayaw
Vehumet
Wu Jian
Xom
Yredelemnul
Lugonu

Shops:
D:11 *=((

Annotations:
D:10 2 runed translucent doors, exclusion: orange crystal statue
D:12 2 runed translucent doors, nshep25's ghost, journeyman MiFi


Innate Abilities, Weirdness & Mutations

You have a pair of large antennae on your head. (SInv)
You are mostly covered in icy blue scales. (AC +3)
Your demonic aura often causes spilled blood to erupt in flames.
You are mostly covered in sharp spines.
You punish those that try to bend your will. (Will+)


Message History

The wraith completely misses you.
You bump into the rock wall.
The wraith hits you but does no damage.
The boulder beetle bites you but does no damage.
The wraith hits you. The wraith drains your vigour!
You feel as though you will be slow longer.
The boulder beetle bites you but does no damage.
You miss the wraith.
The wraith is severely damaged.
The boulder beetle is struck by your spines.
The boulder beetle bites you! The wraith is struck by your spines.
The wraith closely misses you.
You miss the wraith.
The wraith is almost destroyed.
You feel less invigorated.
You feel less confused. You block the wraith's attack.
You block the boulder beetle's attack. The wraith hits you.
The boulder beetle is struck by your spines.
The boulder beetle bites you!!
* * * LOW HITPOINT WARNING * * *
You hit the wraith.
Your weapon exudes an aura of protection.
You destroy the wraith!
Okawaru accepts your kill.
The boulder beetle bites you but does no damage.
The boulder beetle attacks as you move away!
The boulder beetle bites you.
* * * LOW HITPOINT WARNING * * *
The boulder beetle curls into a ball and begins rolling!
You hit the boulder beetle but do no damage.
The boulder beetle is lightly wounded.
The boulder beetle is engulfed in blazing flames.
The boulder beetle hits you but does no damage.
The boulder beetle stops rolling and uncurls.
You slash the boulder beetle!
The boulder beetle is moderately wounded.
The boulder beetle bites you!!
* * * LOW HITPOINT WARNING * * *
The boulder beetle bites you!
You die...

#......#####..
###....#W♣{...
##...+..{♣..
##..###....
#..# ## #..#
#..# #..# #.@#
{ ########.B#
..........#
..........#
..........#
8..#####..# ..
#..# . #..#
...
#..###.....


You could see a boulder beetle.

Vanquished Creatures
  Snorg (D:10)
  3 two-headed ogres
  Nergalle (D:10)
  Pikel (D:5)
  A cyclops (D:11)
  A manticore (D:11)
  A kobold demonologist (D:11)
  2 komodo dragons
  An unseen horror (D:11)
  3 trolls
  A meliai zombie (D:12)
  Sigmund (D:5)
  2 wraiths (D:12)
  2 vampires (D:12)
  18 yaks
  Grum (D:11)
  A basilisk (D:11)
  8 vampire mosquitoes
  A water moccasin (D:8)
  An orc warrior (D:11)
  2 ogres
  2 sky beasts
  2 black bears
  3 centaurs
  3 wolves (D:11)
  A phantom (D:5)
  5 kobold brigands
  2 bullfrogs
  3 necrophages
  6 scorpions
  8 wights
  14 killer bees
  5 howler monkeys
  An electric eel (D:11)
  4 centaur zombies
  A human zombie (D:4)
  3 jellies
  3 orc priests
  4 hounds
  2 iguanas
  4 orc wizards
  3 hound zombies (D:4)
  8 adders
  2 shadow imps
  2 ufetubi
  3 adder zombies (D:4)
  A dart slug (D:1)
  35 orcs
  7 ball pythons
  2 bats (D:3)
  8 endoplasms
  4 giant cockroaches
  6 goblins
  8 hobgoblins
  9 jackals
  2 quokkas
  3 frilled lizards
  31 kobolds
  9 rats
272 creatures vanquished.

Vanquished Creatures (others)
  A manticore (D:11)
  3 plants (D:8)
4 creatures vanquished.

Grand Total: 276 creatures vanquished

Notes
Turn   | Place    | Note
-------+----------+-------------------------------------------
     0 | D:1      | LustLizard the Demonspawn Fighter began the quest for the
                  | Orb.
     0 | D:1      | Reached XP level 1. HP: 18/18 MP: 1/1
   113 | D:1      | Reached skill level 2 in Long Blades
   354 | D:1      | Gained mutation: You are partially covered in sharp spines.
                  | [demonic ancestry]
   354 | D:1      | Reached XP level 2. HP: 24/24 MP: 2/2
   934 | D:2      | Reached skill level 1 in Throwing
  1005 | D:2      | Gained mutation: You are mostly covered in sharp spines.
                  | [demonic ancestry]
  1005 | D:2      | Reached XP level 3. HP: 29/29 MP: 3/3
  1035 | D:2      | Found a faded altar of an unknown god.
  1278 | D:2      | Found a sparkling altar of Nemelex Xobeh.
  1314 | D:2      | Identified the +2 kite shield of Anoutus {rPois}
  1728 | D:3      | Reached skill level 3 in Long Blades
  1728 | D:3      | Gained mutation: You have a pair of small antennae on your
                  | head. [demonic ancestry]
  1728 | D:3      | Reached XP level 4. HP: 35/35 MP: 4/4
  1811 | D:3      | Found a hide-covered altar of Uskayaw.
  1864 | D:3      | Identified the +2 scale mail of Oblivion {Drain rPois rC++}
  2473 | D:4      | Gained mutation: Your demonic aura sometimes causes spilled
                  | blood to erupt in flames. [demonic ancestry]
  2473 | D:4      | Reached XP level 5. HP: 13/42 MP: 5/5
  2786 | D:4      | Found a staircase to the Ecumenical Temple.
  2802 | Temple   | Entered the Ecumenical Temple
  2818 | Temple   | Became a worshipper of Warmaster Okawaru
  2927 | D:4      | Found a hazy altar of Hepliaklqana.
  3187 | D:4      | Gained mutation: You have a pair of antennae on your head.
                  | [demonic ancestry]
  3187 | D:4      | Reached XP level 6. HP: 47/48 MP: 6/6
  3260 | D:4      | Reached skill level 4 in Long Blades
  3283 | D:4      | Found a basalt altar of Yredelemnul.
  3352 | D:4      | Gained mutation: You are partially covered in icy blue
                  | scales. (AC +2) [demonic ancestry]
  3352 | D:4      | Reached XP level 7. HP: 42/54 MP: 7/7
  3435 | D:4      | Reached * piety under Okawaru
  3564 | D:5      | Entered Level 5 of the Dungeon
  3673 | D:5      | Noticed Pikel
  3682 | D:5      | Killed Pikel
  3682 | D:5      | Reached ** piety under Okawaru
  3683 | D:5      | Reached skill level 5 in Fighting
  3683 | D:5      | Reached skill level 5 in Long Blades
  3683 | D:5      | Gained mutation: Your demonic aura often causes spilled
                  | blood to erupt in flames. [demonic ancestry]
  3683 | D:5      | Reached XP level 8. HP: 60/63 MP: 8/8
  3762 | D:5      | Found a large runed translucent door.
  3770 | D:5      | Found a large runed translucent door.
  3850 | D:5      | Reached skill level 6 in Long Blades
  4066 | D:5      | Noticed Sigmund
  4077 | D:5      | Killed Sigmund
  4078 | D:5      | Reached skill level 5 in Shields
  4134 | D:5      | Found a broken altar of Ashenzari.
  4576 | D:5      | Reached *** piety under Okawaru
  4577 | D:5      | Reached skill level 7 in Long Blades
  4588 | D:5      | Found a stormy altar of Qazlal.
  4591 | D:5      | Gained mutation: You have a pair of large antennae on your
                  | head. (SInv) [demonic ancestry]
  4591 | D:5      | Reached XP level 9. HP: 71/71 MP: 9/9
  5495 | D:6      | Received a gift from Okawaru
  5966 | D:7      | Found an opulent altar of Gozag.
  6018 | D:7      | Found an ornate altar of the Wu Jian Council.
  6414 | D:7      | Reached skill level 8 in Long Blades
  6810 | D:7      | Noticed a moth of wrath
  6814 | D:7      | Found a bloodstained altar of Trog.
  6844 | D:7      | Identified the +3 short sword "Tafi" {freeze, rElec rPois
                  | Dex-2}
  6957 | D:8      | Found a staircase to the Lair.
  6959 | D:8      | Noticed a komodo dragon
  6977 | D:8      | Killed a komodo dragon
  7296 | D:8      | Reached **** piety under Okawaru
  7512 | D:8      | Reached skill level 9 in Long Blades
  7573 | D:8      | Gained mutation: You are mostly covered in icy blue scales.
                  | (AC +3) [demonic ancestry]
  7573 | D:8      | Reached XP level 10. HP: 80/80 MP: 10/10
  7635 | D:8      | Noticed a two-headed ogre
  7642 | D:8      | Killed a two-headed ogre
  7642 | D:8      | Received a gift from Okawaru
  8243 | D:9      | Found a shimmering altar of Xom.
  8297 | D:9      | Received a gift from Okawaru
  8411 | D:9      | Found a shimmering blue altar of Sif Muna.
  8624 | D:9      | Noticed a two-headed ogre
  8634 | D:9      | Killed a two-headed ogre
  8634 | D:9      | Reached ***** piety under Okawaru
  8635 | D:9      | Reached skill level 10 in Long Blades
  9218 | D:9      | Found a radiant altar of Vehumet.
  9332 | D:10     | Entered Level 10 of the Dungeon
  9422 | D:9      | Received a gift from Okawaru
  9426 | D:9      | Gained mutation: You punish those that try to bend your
                  | will. (Will+) [demonic ancestry]
  9426 | D:9      | Reached XP level 11. HP: 45/89 MP: 11/11
  9696 | D:10     | Reached skill level 11 in Long Blades
  9766 | D:10     | Noticed Snorg
  9771 | D:10     | Killed Snorg
  9771 | D:10     | Received a gift from Okawaru
 10385 | D:10     | Found a runed translucent door.
 10395 | D:10     | Noticed an orange crystal statue
 10395 | D:10     | Found the +10 tower shield of Ignorance {rN+ Int-4}
 10422 | D:10     | Noticed Nergalle
 10440 | D:10     | Killed Nergalle
 10530 | D:10     | Found a runed translucent door.
 11032 | D:11     | Noticed a two-headed ogre
 11042 | D:11     | Reached ****** piety under Okawaru
 11059 | D:11     | Killed a two-headed ogre
 11060 | D:11     | Reached skill level 10 in Fighting
 11060 | D:11     | Reached skill level 12 in Long Blades
 11187 | D:11     | Found Goxet's Weapon Shoppe.
 11194 | D:11     | Identified the +5 whip of Iharchac {vamp, rElec rF- rN+
                  | Dex+3}
 11376 | D:11     | Found a staircase to the Orcish Mines.
 11377 | D:11     | Noticed a six-headed hydra
 11502 | D:11     | Received a gift from Okawaru
 11743 | D:11     | Found Bugaor's General Store.
 11745 | D:11     | Found Byogerrinasm's Jewellery Shop.
 11878 | D:11     | Found Raunael's Weapon Emporium.
 11932 | D:11     | Reached skill level 1 in Invocations
 12057 | D:11     | Noticed Grum
 12276 | D:11     | Reached skill level 1 in Evocations
 12283 | D:11     | Killed Grum
 12305 | D:12     | Found a runed translucent door.
 12305 | D:12     | Found a runed translucent door.
 12307 | D:12     | Noticed a deep troll earth mage
 12307 | D:12     | Noticed a flayed ghost
 12308 | D:12     | Noticed a necromancer
 12309 | D:12     | Noticed a lich
 12311 | D:12     | Noticed nshep25's ghost (journeyman MiFi)
 12329 | D:12     | Reached skill level 1 in Dodging
 12333 | D:12     | Noticed a skeletal warrior
 12473 | D:12     | Reached XP level 12. HP: 96/97 MP: 13/13
 12595 | D:12     | Noticed a boulder beetle
 12614 | D:12     | Slain by a boulder beetle

Illustrated notes

Levels and vault maps discovered:
D:1:      tarquinn_simple_flora_water_d, layout_rooms, hangedman_glass_garden,
          corexii_leaking_fountain, minmay_hedge_maze, minivault_19,
          glass_columns_b, chequers_jeans
D:2:      layout_loops_ring, hellmonk_ecumenical_altar_slurped_away,
          basic_altar, corexii_hall_statues_l, minmay_close_crescents
D:3:      layout_rooms, nicolae_uskayaw_murder_on_the_dancefloor,
          minmay_fractal_squares_5
D:4:      layout_gridville, lemuel_mausoleum_altar_yredelemnul,
          lemuel_coloured_pillars_altar, temple_fountains, reono_crystal_passage
D:5:      cheibrodos_quashed, layout_loops_corners,
          mainiacjoe_overflow_surrounded_room,
          mainiacjoe_overflow_small_starburst, jmf_multi_god_temple2,
          serial_bayou_crossing, uniq_pikel, uniq_sigmund
D:6:      layout_layer_cave
D:7:      layout_loops_ring, tgw_trog, nzn_wu_jian_council_hall,
          nicolae_gozag_cash_rules_everything_around_me
D:8:      layout_loops_ring, david_lair_shrubbed
D:9:      layout_roguey, lemuel_doored_altar, mainiacjoe_overflow_alcove_4,
          mainiacjoe_overflow_alcove_1
D:10:     layout_small_grid, chequers_guarded_unrand_ignorance, uniq_snorg,
          uniq_nergalle
D:11:     layout_basic, orc_0_dummy, serial_shops,
          nicolae_shop_advertising_works [nicolae_subvault_shop_adworks], shop,
          nicolae_stop_n_shop_1, shop_statue, minivault_8, uniq_grum
D:12:     layout_long_grid, serial_undead, serial_undead_d, serial_undead_d,
          serial_undead_c, serial_undead_e, serial_undead_d, serial_undead_d,
          serial_undead_d, serial_undead_b, serial_undead_c, serial_undead_e,
          muffindrake_ghost_dual_entry, serial_shops, shop, xom_teletrap_fun
Temple:   corrupted_temple

Skill      XL: |  1  2  3  4  5  6  7  8  9 10 11 12 |
---------------+-------------------------------------+-----
Long Blades    | 2 3 4 5 7 9 10 12 | 12.4
Throwing       | 1 2 3 4 |  4.0
Shields        | 3 4 5 6 7 9 |  9.1
Fighting       | 4 5 6 7 9 10 | 10.3
Invocations    | 1 2 |  2.3
Evocations     | 1 |  1.8
Armour         | 3 |  3.2
Dodging        | 1 |  1.4

Action                   |  1- 3 |  4- 6 |  7- 9 | 10-12 || total
-------------------------+-------+-------+-------+-------++-------
Melee: Long sword        |    64 |   155 |   280 |   379 ||   878
Throw: Boomerang         |       |       |     3 |       ||     3
       Dart              |       |       |     2 |     5 ||     7
Invok: Heroism           |       |       |     1 |     1 ||     2
  Use: Scroll            |     1 |     3 |     5 |     8 ||    17
       Potion            |       |       |     1 |     7 ||     8
Armor: Scale mail        |    10 |    37 |    76 |   122 ||   245
       Chain mail        |    18 |    10 |       |       ||    28
Dodge: Dodged            |    17 |    22 |    39 |    71 ||   149
Block: Buckler           |     7 |       |       |       ||     7
       Kite shield       |     6 |   139 |   258 |   405 ||   808
       Reflection        |       |       |     4 |    12 ||    16
